 Dungeon Crawl Stone Soup version 0.17.1-1-g73c8601 (webtiles) character file.

51544 HughJohnson the Black Belt (level 14, -12/98 HPs)
             Began as a Demonspawn Transmuter on Dec 14, 2015.
             Was a High Priest of Kikubaaqudgha.
             Mangled by a five-headed hydra (13 damage)
             ... on level 13 of the Dungeon on Dec 17, 2015.
             The game lasted 04:06:34 (27790 turns).

HughJohnson the Black Belt (Demonspawn Transmuter) Turns: 27790, Time: 04:06:35

Health: -12/98     AC: 15    Str: 11    XL:     14   Next: 23%
Magic:  0/26       EV: 16    Int: 18    God:    Kikubaaqudgha [*****.]
Gold:   1591       SH:  0    Dex: 11    Spells: 9 memorised, 1 level left

rFire  + . .     SeeInvis .       - Unarmed
rCold  + . .     Clarity  .     C - +3 leather armour {rC+}
rNeg   . . .     SustAt   .     (no shield)
rPois  .         Gourm    .     (no helmet)
rElec  .         Spirit   +     F - +0 cloak
rCorr  .         Warding  .     H - +0 pair of gloves
rMut   .         Stasis   +     (no boots)
MR     +....                    l - amulet of stasis
Stlth  +.........               X - +5 ring of evasion
                                B - ring of protection from fire

@: somewhat resistant to hostile enchantments, very unstealthy
A: hooves 2, rough black scales 2, clumsy 1, powered by pain 2, screaming 1,
magic shield, magic regeneration, magic link
a: Receive Corpses, Torment, Renounce Religion


You were on level 13 of the Dungeon.
You worshipped Kikubaaqudgha.
Kikubaaqudgha was extremely pleased with you.
You were hungry.

You visited 4 branches of the dungeon, and saw 22 of its levels.

You collected 1591 gold pieces.

Inventory:

Missiles
 a - 336 arrows
 d - 5 needles of confusion
 e - 115 poisoned needles
 A - 13 tomahawks (quivered)
 D - 3 needles of sleeping
 V - 23 arrows of flame
 W - 44 arrows of frost
Armour
 C - a +3 leather armour of cold resistance (worn)
 F - a +0 cloak (worn)
 H - a +0 pair of gloves (worn)
Magical Staves
 w - an uncursed staff of cold
 E - an uncursed staff of summoning
 Q - an uncursed staff of wizardry
Jewellery
 c - an uncursed ring of invisibility
 k - an uncursed ring of poison resistance
 l - an amulet of stasis (around neck)
 B - a ring of protection from fire (left hand)
 X - a +5 ring of evasion (right hand)
Wands
 i - a wand of paralysis (11)
 j - a wand of magic darts (24)
 p - a wand of polymorph (13)
 v - a wand of confusion (27)
 K - a wand of slowing (34)
 N - a wand of hasting (4)
 P - a wand of polymorph (16)
 S - a wand of lightning (0)
 Y - a wand of fire (10)
 Z - a wand of random effects (6)
Scrolls
 b - 3 scrolls of enchant weapon {unknown}
 f - 9 scrolls of remove curse
 g - 5 scrolls of vulnerability {unknown}
 q - 2 scrolls of noise {unknown}
 r - 9 scrolls of identify
 s - 7 scrolls of random uselessness {unknown}
 t - 3 scrolls of immolation {unknown}
 x - 5 scrolls of enchant armour
 I - 4 scrolls of fog {unknown}
 L - 2 scrolls of blinking {unknown}
 R - 6 scrolls of teleportation {unknown}
 T - a scroll of magic mapping {unknown}
Potions
 h - 3 potions of curing
 n - a potion of magic
 u - a potion of resistance
 M - 2 potions of brilliance
Books
 o - a book of Alchemy

   Spells                             Type                      Level
   a - Sublimation of Blood           Necromancy                   2
   b - Ignite Poison                  Fire/Transmutation/Poison    3
   c - Alistair's Intoxication        Transmutation/Poison         4
   d - Condensation Shield            Ice                          4
   e - Petrify                        Transmutation/Earth          4
   f - Irradiate                      Conjuration/Transmutation    5
 y - a book of Conjurations

   Spells                             Type                      Level
   a - Magic Dart                     Conjuration                  1
   b - Searing Ray                    Conjuration                  2
   c - Dazzling Spray                 Conjuration/Hexes            3
   d - Fulminant Prism                Conjuration/Hexes            4
   e - Iskenderun's Mystic Blast      Conjuration                  4
   f - Iskenderun's Battlesphere      Conjuration/Charms           5
Comestibles
 m - 6 meat rations
 z - 18 fruits
 G - a chunk of flesh
 J - a slice of pizza
 O - 2 bread rations


   Skills:
 - Level 5.0 Fighting
 - Level 1.0 Throwing
 - Level 4.2 Armour
 - Level 1.7 Dodging
 - Level 1.0 Stealth
 + Level 15.0 Unarmed Combat
 - Level 8.0 Spellcasting
 + Level 3.8 Charms
 - Level 8.0 Necromancy
 - Level 10.1 Transmutations
 * Level 2.5 Ice Magic
 - Level 2.0 Poison Magic
 - Level 6.0 Evocations


You had one spell level left.
You knew the following spells:

 Your Spells              Type           Power        Failure   Level  Hunger
a - Beastly Appendage     Trmt           #####.       1%          1    None
b - Spider Form           Trmt/Pois      ####......   3%          3    #......
c - Sticks to Snakes      Trmt           #####.....   1%          2    None
d - Blade Hands           Trmt           #####.....   6%          5    #####..
e - Regeneration          Chrm/Necr      ####......   4%          3    #......
f - Ice Form              Ice/Trmt       ####....     12%         4    ###....
g - Dispel Undead         Necr           #####...     14%         5    #####..
h - Corpse Rot            Necr           N/A          1%          2    None
i - Ozocubu's Armour      Chrm/Ice       ###.....     12%         3    #......


Dungeon Overview and Level Annotations

Branches:
Dungeon (13/15)            Temple (1/1) D:5            Lair (7/8) D:9
 Shoals (0/4) Lair:3       Spider (1/4) Lair:5        Slime (0/6) Lair:6
    Orc (0/4) D:10
 Vaults: D:13-14

Altars:
Ashenzari
Cheibriados
Dithmenos
Elyvilon
Fedhas
Gozag
Kikubaaqudgha
Makhleb
Nemelex Xobeh
Okawaru
Qazlal
Ru
Sif Muna
Trog
Vehumet
Xom
Yredelemnul
Zin
The Shining One
Lugonu

Shops:
D:5 *

Annotations:
D:5 Blork the orc
Lair:6 Rupert


Innate Abilities, Weirdness & Mutations

You have hoof-like feet.
You are mostly covered in rough black scales (AC +7, Dex -2).
You sometimes gain power by taking damage.
When hurt, damage is shared between your health and your magic reserves.
You regenerate magic rapidly.
When low on magic, you restore magic in place of health.
You are clumsy. (Dex -2)
You occasionally shout uncontrollably at your foes.


Message History

You feel a little less mighty now.
There is an open door here.
Your transformation has ended.
Your +0 cloak unmelds from your body.
Your +0 pair of gloves unmelds from your body.
Your +3 leather armour of cold resistance unmelds from your body.
You feel resistant to cold.
The five-headed hydra barely misses you.
The five-headed hydra bites you.
The five-headed hydra bites you but does no damage.
The five-headed hydra barely misses you.
The five-headed hydra closely misses you.
The five-headed hydra bites you!
* * * LOW HITPOINT WARNING * * *
The five-headed hydra bites you.
* * * LOW HITPOINT WARNING * * *
The five-headed hydra bites you but does no damage.
The five-headed hydra bites you!
You die...
Kikubaaqudgha rasps: "You have failed me!
Welcome... death!"

#...##.......#........#
#...####'#####.........
#...##.......'.........
#....#.......#.........
#....#.......#########.
.....#...............#
....##.......##......#
....##.......##......+
#...##.......##.@D...#
#...##.......##......#
#....#........#......#
#....#........#......#
#....#........#......#
#'#############......#
......>.......########
..............#
###########
..............#
#.........#


You could see a five-headed hydra.

Vanquished Creatures
  Maud (D:11)
  The ghost of xash the Carver, a journeyman MiFi of Qazlal (Lair:5)
  2 hydras
  A centaur warrior (D:13)
  The ghost of bezhaha the Spear-Bearer, a journeyman OpCK of Xom (D:10)
  The ghost of Musteatbrain the Fighter, a novice DsFi of Okawaru (D:12)
  The ghost of Musteatbrain the Skirmisher, a novice DsFi of Okawaru (D:8)
  Nergalle (D:10)
  A fire crab (Lair:6)
  4 hill giants
  An unseen horror (D:11)
  A griffon (Lair:6)
  3 elephants (Lair:6)
  3 cyclopes
  2 ugly things (D:12)
  9 black mambas
  14 spiny frogs
  9 komodo dragons
  An efreet (D:13)
  6 trolls
  4 fire drakes
  A harpy skeleton (D:11)
  5 slime creatures
  20 blink frogs
  A spriggan (D:7)
  4 trapdoor spiders (Lair:5)
  2 water elementals (D:12)
  35 yaks
  A shadow (D:13)
  2 deep elf magi
  7 basilisks
  3 hungry ghosts
  Grum (D:11)
  8 hippogriffs
  4 vampire mosquitoes
  A wyvern (D:9)
  10 swamp worms (Lair:1)
  8 wolves
  3 black bears
  An ice beast (D:7)
  3 orc warriors
  11 porcupines
  A sky beast (D:5)
  14 water moccasins
  A phantom (D:12)
  7 centaurs
  6 ogres
  8 crocodiles
  2 necrophages
  2 big kobolds
  16 giant frogs
  6 scorpions
  7 killer bees
  11 wights
  An electric eel (Lair:2)
  6 jellies
  4 centaur zombies
  4 crimson imps
  8 hounds
  3 giant frog skeletons
  10 orc priests
  A quasit (D:12)
  Ijyb (D:2)
  A giant frog zombie (D:6)
  10 iguanas
  11 orc wizards
  Jessica (D:2)
  A centaur skeleton (D:5)
  Terence (D:2)
  6 worker ants
  9 sheep
  A hound zombie (D:11)
  3 hound skeletons
  A worker ant zombie (D:5)
  12 adders
  9 gnolls
  48 river rats
  2 shadow imps
  9 oozes
  3 adder skeletons
  An adder zombie (D:10)
  10 worms
  7 giant geckos
  38 orcs
  A ball python (D:3)
  11 bats
  A bat zombie (D:8)
  7 giant cockroaches
  3 goblins (D:2)
  14 hobgoblins
  9 jackals
  8 quokkas
  6 giant newts
  A jackal zombie (D:5)
  15 kobolds
  A quokka zombie (D:6)
  9 rats
  2 rat zombies (D:8)
  A plant (Lair:1)
590 creatures vanquished.

Vanquished Creatures (collateral kills)
  A troll (D:10)
1 creature vanquished.

Vanquished Creatures (others)
  12 fungi
  5 plants
17 creatures vanquished.

Grand Total: 608 creatures vanquished

Notes
Turn   | Place    | Note
--------------------------------------------------------------
     0 | D:1      | HughJohnson the Demonspawn Transmuter began the quest for the Orb.
     0 | D:1      | Reached XP level 1. HP: 15/15 MP: 3/3
     2 | D:1      | Noticed a tengu
     2 | D:1      | Noticed a formicid
     4 | D:1      | Noticed a centaur
     4 | D:1      | Noticed a naga
     6 | D:1      | Noticed a spriggan
     8 | D:1      | Noticed a dwarf
    10 | D:1      | Noticed a minotaur
    10 | D:1      | Noticed a draconian
    12 | D:1      | Noticed a troll
    12 | D:1      | Noticed a merfolk
    14 | D:1      | Noticed a ghoul
    14 | D:1      | Noticed an ogre
    16 | D:1      | Noticed a gargoyle
    16 | D:1      | Noticed a vine stalker
    18 | D:1      | Noticed an elf
    20 | D:1      | Noticed a felid
    22 | D:1      | Noticed a demigod
    22 | D:1      | Noticed a vampire
    24 | D:1      | Noticed a demonspawn
    24 | D:1      | Noticed a human
    26 | D:1      | Noticed an octopode
   287 | D:1      | Reached skill level 3 in Unarmed Combat
   511 | D:1      | Gained mutation: You sometimes gain a little power by taking damage. [demonic ancestry]
   511 | D:1      | Reached XP level 2. HP: 21/21 MP: 5/5
  1224 | D:2      | Noticed Ijyb
  1256 | D:2      | Killed Ijyb
  1256 | D:2      | Reached skill level 4 in Unarmed Combat
  1256 | D:2      | Gained mutation: You are partially covered in rough black scales (AC +4, Dex -1). [demonic ancestry]
  1256 | D:2      | Reached XP level 3. HP: 17/26 MP: 6/6
  1265 | D:2      | Noticed Terence
  1483 | D:2      | Gained mutation: When hurt, damage is shared between your health and your magic reserves. [demonic ancestry]
  1483 | D:2      | Reached XP level 4. HP: 32/32 MP: 7/7
  1810 | D:2      | Noticed Jessica
  1819 | D:2      | Killed Jessica
  2097 | D:2      | Killed Terence
  2097 | D:2      | Reached skill level 5 in Unarmed Combat
  2097 | D:2      | Gained mutation: You have large cloven feet. [demonic ancestry]
  2097 | D:2      | Reached XP level 5. HP: 16/37 MP: 3/8
  2813 | D:3      | Found a shattered altar of Ashenzari.
  3009 | D:3      | Reached XP level 6. HP: 44/44 MP: 7/9
  3325 | D:4      | Found a shadowy altar of Dithmenos.
  3342 | D:4      | Reached skill level 1 in Stealth
  3355 | D:4      | Found a basalt altar of Yredelemnul.
  3505 | D:4      | Reached skill level 1 in Armour
  3505 | D:4      | Reached skill level 6 in Unarmed Combat
  3579 | D:4      | Found a sparkling altar of Nemelex Xobeh.
  3688 | D:4      | Reached skill level 1 in Throwing
  3711 | D:5      | Entered Level 5 of the Dungeon
  3785 | D:5      | Reached XP level 7. HP: 39/50 MP: 10/10
  3802 | D:5      | Found a staircase to the Ecumenical Temple.
  3811 | Temple   | Entered the Ecumenical Temple
  3889 | D:5      | Reached skill level 7 in Unarmed Combat
  4366 | D:5      | Found Wiesihou's General Store.
  4766 | D:5      | Reached skill level 8 in Unarmed Combat
  5029 | D:5      | Noticed Blork the orc
  5159 | D:6      | Gained mutation: You are mostly covered in rough black scales (AC +7, Dex -2). [demonic ancestry]
  5159 | D:6      | Reached XP level 8. HP: 56/56 MP: 11/11
  5375 | D:6      | Reached skill level 9 in Unarmed Combat
  5946 | D:6      | Found a white marble altar of Elyvilon.
  6370 | D:4      | Found a deep blue altar of Sif Muna.
  6539 | D:4      | Found a blossoming altar of Fedhas.
  6646 | D:4      | Reached skill level 10 in Unarmed Combat
  7016 | D:7      | Reached XP level 9. HP: 58/61 MP: 9/12
  7307 | D:7      | Noticed Musteatbrain's ghost (novice DsFi)
  7688 | D:8      | Found a glowing silver altar of Zin.
  7693 | D:8      | Noticed an angel
  7695 | D:8      | Found a shimmering altar of Xom.
  7720 | D:8      | Learned a level 3 spell: Spider Form
  7727 | D:8      | Learned a level 2 spell: Sticks to Snakes
  8240 | D:8      | Noticed a hill giant
  8525 | D:7      | HP: 3/61 [Musteatbrain's ghost (14)]
  8842 | D:7      | Found a stormy altar of Qazlal.
  9270 | D:8      | Killed Musteatbrain's ghost
  9270 | D:8      | Reached skill level 11 in Unarmed Combat
  9270 | D:8      | Reached skill level 5 in Transmutations
  9411 | D:8      | Found a radiant altar of Vehumet.
  9505 | D:8      | Found a blossoming altar of Fedhas.
  9661 | D:8      | Killed a hill giant
  9661 | D:8      | Gained mutation: You sometimes gain power by taking damage. [demonic ancestry]
  9661 | D:8      | Reached XP level 10. HP: 46/68 MP: 2/14
  9874 | D:8      | Found an ancient bone altar of Kikubaaqudgha.
  9884 | D:8      | Became a worshipper of Kikubaaqudgha
 10753 | D:9      | Found a stormy altar of Qazlal.
 10796 | D:9      | Found a staircase to the Lair.
 10930 | D:9      | Found an opulent altar of Gozag.
 11009 | D:9      | Found a shadowy altar of Dithmenos.
 11192 | D:10     | Entered Level 10 of the Dungeon
 11203 | D:10     | Reached skill level 12 in Unarmed Combat
 11219 | D:10     | Noticed bezhaha's ghost (journeyman OpCK)
 11226 | D:10     | Noticed a rust devil
 11514 | D:10     | Noticed Maud
 11650 | Lair:1   | Entered Level 1 of the Lair of Beasts
 12163 | Lair:1   | Learned a level 5 spell: Blade Hands
 12521 | Lair:1   | Gained mutation: You regenerate magic rapidly. [demonic ancestry]
 12521 | Lair:1   | Reached XP level 11. HP: 67/75 MP: 14/16
 12544 | Lair:1   | You fall through a shaft!
 12602 | Lair:2   | Reached skill level 1 in Evocations
 12678 | Lair:2   | HP: 2/75 [blink frog (13)]
 12679 | Lair:2   | Reached * piety under Kikubaaqudgha
 12679 | Lair:2   | Received a gift from Kikubaaqudgha
 12682 | Lair:2   | Identified Kikubaaqudgha's Almanac of Dark Magic (Kikubaaqudgha gifted it to you on level 2 of the Lair of Beasts)
 12694 | Lair:2   | Learned a level 3 spell: Regeneration
 13066 | Lair:2   | HP: 3/75 [blink frog (7)]
 13078 | Lair:2   | Reached skill level 1 in Necromancy
 13105 | Lair:2   | Reached skill level 1 in Charms
 13658 | Lair:1   | Noticed a black mamba
 13671 | Lair:1   | Killed a black mamba
 13697 | Lair:1   | Got a crude robe
 13710 | Lair:1   | Identified the cursed +1 robe of Free Will {Str+3} (You found it on level 1 of the Lair of Beasts)
 14881 | Lair:1   | Reached ** piety under Kikubaaqudgha
 15167 | Lair:1   | Learned a level 4 spell: Ice Form
 15674 | Lair:2   | Reached skill level 5 in Spellcasting
 15674 | Lair:2   | Reached skill level 5 in Necromancy
 15736 | Lair:2   | Found a glowing golden altar of the Shining One.
 15963 | Lair:3   | Reached skill level 13 in Unarmed Combat
 16103 | Lair:2   | Reached XP level 12. HP: 70/81 MP: 17/19
 16467 | Lair:3   | Noticed a five-headed hydra
 16904 | D:10     | Found a staircase to the Orcish Mines.
 16938 | D:10     | Noticed Nergalle
 17238 | Lair:3   | Found a staircase to the Shoals.
 17761 | Lair:3   | Reached skill level 5 in Evocations
 17865 | Lair:3   | Killed a five-headed hydra
 18113 | Lair:3   | Reached *** piety under Kikubaaqudgha
 18113 | Lair:3   | Received a gift from Kikubaaqudgha
 18125 | Lair:3   | Identified Kikubaaqudgha's Tome of Sinister Rites (Kikubaaqudgha gifted it to you on level 3 of the Lair of Beasts)
 19251 | Lair:5   | Noticed xash's ghost (journeyman MiFi)
 19685 | Lair:5   | Killed xash's ghost
 19685 | Lair:5   | Reached skill level 10 in Transmutations
 20193 | Lair:5   | Found a hole to the Spider Nest.
 20292 | Lair:5   | Reached skill level 1 in Ice Magic
 20469 | Lair:5   | Reached **** piety under Kikubaaqudgha
 20902 | Lair:6   | Reached skill level 1 in Poison Magic
 20902 | Lair:6   | Gained mutation: When low on magic, you restore magic in place of health. [demonic ancestry]
 20902 | Lair:6   | Reached XP level 13. HP: 30/87 MP: 5/23
 21061 | Lair:6   | Noticed Rupert
 21353 | Lair:5   | Gained mutation: You occasionally shout uncontrollably at your foes. [miscasting Blade Hands]
 21353 | Lair:5   | Gained mutation: You are clumsy. (Dex -2) [miscasting Blade Hands]
 21514 | Lair:6   | Found a staircase to the Slime Pits.
 22062 | Lair:7   | Reached ***** piety under Kikubaaqudgha
 23408 | Spider:1 | Entered Level 1 of the Spider Nest
 24253 | D:10     | Killed Nergalle
 24350 | D:10     | Killed bezhaha's ghost
 24350 | D:10     | Reached skill level 14 in Unarmed Combat
 24524 | D:11     | Noticed Grum
 24545 | D:11     | Killed Grum
 25016 | D:11     | Killed Maud
 25232 | D:12     | Noticed Musteatbrain's ghost (novice DsFi)
 25248 | D:12     | Killed Musteatbrain's ghost
 25439 | D:12     | Reached skill level 15 in Unarmed Combat
 25683 | D:12     | Learned a level 5 spell: Dispel Undead
 26084 | D:12     | Gained mutation: You have hoof-like feet. [demonic ancestry]
 26084 | D:12     | Reached XP level 14. HP: 88/96 MP: 24/26
 26415 | Lair:1   | Learned a level 2 spell: Corpse Rot
 26419 | Lair:1   | Learned a level 3 spell: Ozocubu's Armour
 26880 | D:13     | Reached skill level 5 in Fighting
 27763 | D:12     | HP: 1/98 [five-headed hydra (6)]
 27790 | D:13     | HP: 2/98 [five-headed hydra (1)]
 27790 | D:13     | Mangled by a five-headed hydra

Action                   |  1- 3 |  4- 6 |  7- 9 | 10-12 | 13-15 || total
-------------------------+-------+-------+-------+-------+-------++-------
Melee: Unarmed           |   142 |   349 |   490 |  1211 |   796 ||  2988
Throw: Tomahawk          |       |     5 |    21 |    56 |    20 ||   102
 Cast: Beastly Appendage |     5 |    32 |    53 |   117 |    41 ||   248
       Sticks to Snakes  |       |       |    18 |     5 |       ||    23
       Regeneration      |       |       |       |    78 |    73 ||   151
       Blade Hands       |       |       |       |     9 |    31 ||    40
       Spider Form       |       |       |       |       |     3 ||     3
       Ice Form          |       |       |       |       |     2 ||     2
       Ozocubu's Armour  |       |       |       |       |     6 ||     6
 Abil: End Transformatio |       |       |       |     2 |     6 ||     8
       Evoke Invisibilit |       |       |       |     2 |     1 ||     3
       Turn Visible      |       |       |       |     1 |       ||     1
Evoke: Wand              |       |       |       |     8 |       ||     8
  Use: Potion            |     1 |       |     1 |    15 |     1 ||    18
       Scroll            |       |       |     1 |     8 |     1 ||    10
 Stab: Distracted        |       |       |     1 |       |       ||     1
       Sleeping          |       |       |     1 |       |       ||     1
       Invisible         |       |       |       |    21 |       ||    21
  Eat: Chunk             |     2 |     8 |    12 |    36 |    23 ||    81
       Beef jerky        |       |       |     3 |     1 |       ||     4
       Fruit             |       |       |     3 |    10 |     5 ||    18
       Meat ration       |       |       |     1 |       |     2 ||     3
       Pizza             |       |       |       |     1 |     1 ||     2
